Map: Kairos Junction LE

Players

Siaff - Winner!

  • Race: Zerg Zerg
  • League: Diamond
  • Spawn Location: 5:00

A.I. 1 (Elite)

  • Race: Zerg Zerg
  • Spawn Location: 11:00

VOD

Have the link to the VOD?

Description

SC2 Swarms

https://sc2swarm.com/2017/12/01/15-hatch-mass-speedling-all-in-defense-zvz/

Time

  • Played on: April 20, 2019, 1:48 p.m.
  • Length: 3:30
Show
View Real Time Build Order
Export as new Build Order

Siaff Zerg - Winner!

Build Orders: Hatch First 

Get SALT Encoding   

  12  0:01  Drone  
  13  0:10  Drone  
  14  0:16  Extractor  
  14  0:17  Drone  
  15  0:39  Hatchery  
  14  0:44  Extractor, Drone  
  14  0:59  Spawning Pool  
  14  1:03  Drone  
  14  1:13  Overlord  
  14  1:32  Drone  
  15  1:48  Zergling x4  
  15  1:50  Queen  
  15  1:51  Metabolic Boost  
  19  1:57  Zergling x2  
  19  1:59  Zergling x2  
  21  2:13  Zergling x8  
  25  2:21  Zergling x2  
  26  2:24  Zergling x2  
  27  2:34  Overlord  
  27  2:36  Zergling x2  
  28  2:52  Queen  
  30  2:59  Zergling x8  
  32  3:12  Zergling x8  
Show
View Real Time Build Order
Export as new Build Order

A.I. 1 (Elite) Zerg 

Build Orders: Pool First 

Get SALT Encoding   

  12  0:00  Drone  
  13  0:08  Drone  
  14  0:16  Overlord  
  14  0:35  Spawning Pool  
  13  0:36  Extractor  
  13  0:39  Drone  
  13  0:44  Drone  
  13  0:48  Drone  
  15  1:21  Queen, Zergling x4  
  15  1:22  Zergling x2  
  20  1:44  Hatchery  
  19  1:49  Drone  
  20  1:55  Zergling x2  
  20  1:59  Zergling x2  
  22  2:09  Overlord  
  22  2:22  Baneling Nest, Drone  
  22  2:27  Zergling x2  
  23  2:32  Zergling x2  
  23  2:36  Zergling x2  
  25  2:40  Zergling x2  
  26  2:47  Zergling x2  
  21  3:06  Zergling x2  
  21  3:10  Zergling x2  
Tags
 
Add a new tag
Caveats
  • Supply blocks, unpowered buildings, or Contaminate may cause inaccurate times.
  • Supply counts are checked every 10 seconds.